 Dungeon Crawl Stone Soup version 0.28-a0-1629-gf728b707aa (webtiles) character file.

Game seed: 1388992116201284407

17 HallandMoats the Vandal (level 2, 25/25 HPs)
             Began as a Ghoul Hunter on Jan 24, 2022.
             Was an Initiate of Yredelemnul.
             Safely got out of the dungeon.
             The game lasted 00:00:30 (572 turns).

HallandMoats the Vandal (Ghoul Hunter)               Turns: 572, Time: 00:00:31

Health: 25/25      AC:  3    Str: 15    XL:     2   Next: 62%
Magic:  1/1        EV: 11    Int:  6    God:    Yredelemnul [......]
Gold:   37         SH:  0    Dex:  9    Spells: 1/1 levels left

rFire   . . .      SeeInvis .   a - +1 hunting sling
rCold   + . .      Faith    .   (no shield)
rNeg    + + +      Spirit   .   c - +0 leather armour
rPois   ∞          Reflect  .   (no helmet)
rElec   .          Harm     .   (no cloak)
rCorr   .          Rampage  .   (no gloves)
Will    .....                   (no boots)
Stlth   +.........              (no amulet)
HPRegen 0.08/turn               (no ring)
MPRegen 0.07/turn               (no ring)

@: no status effects
A: claws 1, cold resistance 1, negative energy resistance 3, inhibited
regeneration, torment resistance 2
a: Renounce Religion, Recall Undead Harvest


You escaped.
You worshipped Yredelemnul.
Yredelemnul was noncommittal.
You visited 1 branch of the dungeon, and saw 1 of its levels.

You collected 37 gold pieces.

Inventory:

Hand Weapons
 a - a +1 hunting sling (weapon)
 b - a +0 short sword
Missiles
 d - 14 sling bullets (quivered ammo)
 f - 23 stones
Armour
 c - a +0 leather armour (worn)
Scrolls
 e - a scroll of fog {unknown}


   Skills:
 + Level 2.4 Fighting
 * Level 3.9 Slings
 + Level 0.6 Armour
 + Level 2.0 Dodging
 - Level 1.1 Stealth


You had one spell level left.
You didn't know any spells.
Your spell library was empty.

Dungeon Overview and Level Annotations

Branches:
Dungeon (1/15)

Altars:
Yredelemnul


Innate Abilities, Weirdness & Mutations

You thrive by killing the living.
You are immune to poison.
You have sharp fingernails.
Your flesh is cold resistant. (rC+)
You are immune to negative energy. (rN+++)
You do not regenerate when monsters are visible.
You are immune to unholy pain and torment.


Message History

The kobold shouts!
You shoot a sling bullet.
The sling bullet closely misses the kobold.
The kobold throws a stone.
The stone closely misses you.
You shoot a sling bullet.
The sling bullet completely misses the kobold.
You shoot a sling bullet.
The sling bullet barely misses the kobold.
You shoot a sling bullet. The sling bullet misses the kobold.
The kobold barely misses you.
You shoot a sling bullet. The sling bullet hits the kobold.
The kobold is moderately wounded.
The kobold misses you.
You shoot a sling bullet. The sling bullet hits the kobold!
You kill the kobold!
No target in view!
No target in view!
No target in view!
f - 23 stones (gained 3);
d - 11 sling bullets (gained 2)
You see here a +0 whip.
d - 12 sling bullets (gained 1)
d - 14 sling bullets (gained 2)
You see here a +0 whip.
You see here a rat corpse.
There is a faded altar of an unknown god here.
You see here a +0 dagger.
Unknown command.
Press < or > to pray at altars.
You cannot tell which god this altar belongs to.
Convert to them anyway?
Yredelemnul accepts your prayer! Yredelemnul welcomes you!
You can now reap souls.
You can now recall your undead harvest.
(D) Dungeon
Where to? (Enter - D:1 @ (x,y), ? - help)
What level of the Dungeon? (default 1, ? - help)
Found a book of Vapours.
There is a stone staircase leading down here.
There is a staircase leading out of the dungeon here.
Are you sure you want to leave the Dungeon?
This will make you lose the game!
You have escaped!

.. .......... .. #.# #
.......÷.. .. #.#..##
.......... .. #
#..#..# #.#...... .
#.#...#.#### #.#......
#.#...#..:.###...###'#
#.....#.##..###..###'#
#..^#.#...#..#........
######
#..#.@#..Z.#Z.........
####....#
#..#..ZZ..#Z.Z........
.#.#....#
#..#.#####..##.Z......
.#......#
#..#.......#####>.....
...#....# #.#...#.####
#Z..... .).#....#
#.#..#..# #Z.....
.#.....†#
#.#.#.######## #.Z....
.#.#....####.#.#.#
#....###......
####..........#..#
#.............


You could see a friendly bat zombie and a friendly adder zombie.

Vanquished Creatures
  2 endoplasms (D:1)
  A giant cockroach (D:1)
  A goblin (D:1)
  3 hobgoblins (D:1)
  A ball python (D:1)
  3 frilled lizards (D:1)
  3 kobolds (D:1)
  3 rats (D:1)
17 creatures vanquished.

Notes
Turn   | Place    | Note
-------+----------+-------------------------------------------
     0 | D:1      | HallandMoats the Ghoul Hunter began the quest for the Orb.
     0 | D:1      | Reached XP level 1. HP: 17/17 MP: 0/0
   204 | D:1      | Reached XP level 2. HP: 25/25 MP: 1/1
   414 | D:1      | Found a faded altar of an unknown god.
   524 | D:1      | Prayed at the altar of an unknown god.
   524 | D:1      | Became a worshipper of Yredelemnul the Dark
   524 | D:1      | Reached * piety under Yredelemnul
   572 | D:$      | Safely got out of the dungeon.

Illustrated notes

Levels and vault maps discovered:
D:1:      ebering_trefoil_3fold, layout_basic,
          ebering_ecumenical_altar_sacrificial, hangedman_decor_push,
          minmay_misc_feat_alley

Skill      XL: |  1  2 |
---------------+-------+-----
Dodging        | 2 |  2.0
Fighting       | |  2.4
Slings         | |  3.9
Armour         | |  0.6
Stealth        | |  1.1

Action                   || total
-------------------------++-------
 Fire: Hunting sling     ||    50
Dodge: Dodged            ||     8

Table legend: (Time is in decaauts)
 A = Elapsed time spent in this place.
 B = Non-inter-level travel time spent in this place.
 C = Inter-level travel time spent in this place.
 D = Time resting spent in this place.
 E = Time spent auto-exploring this place.
 F = Levels seen in this place.
 G = Mean time per level.
                   A        B        C        D        E       F      G
               +--------+--------+--------+--------+--------+-----+--------+
         Total |    572 |    510 |     62 |      0 |    413 |   1 |  572.0 |
       Dungeon |    572 |    510 |     62 |      0 |    413 |   1 |  572.0 |
               +--------+--------+--------+--------+--------+-----+--------+

Top non-repeatable levels by time:
     D:1: 572 daAuts
